MID
BINGHAMTON METS @ WISCONSIN TIMBER RATTLERS
08/21/2049
 
TOP OF THE 1ST
Binghamton Mets batting - Pitching for Wisconsin Timber Rattlers : RHP Josh Brakefield
Pitching: RHP Josh Brakefield
Batting: RHB Michael Youngberry 0-0: Ball
1-0: Ball
2-0: Foul Ball, location: 2F
2-1: Ground out 3-1 (Groundball, 34, EV 100.0 MPH)
Batting: SHB Tyler Maddux 0-0: Foul Ball, location: 2F
0-1: Called Strike
0-2: Strikes out swinging
Batting: RHB Enrique Aguirre 0-0: Ball
1-0: SINGLE (Groundball, 34, EV 95.0 MPH)
Batting: SHB Nick Daigle 0-0: Called Strike
0-1: Fly out, F9 (Flyball, 9, EV 83.1 MPH)
Top of the 1st over - 0 runs, 1 hit, 0 errors, 1 left on base; Binghamton 0 - Wisconsin 0
BOTTOM OF THE 1ST
Wisconsin Timber Rattlers batting - Pitching for Binghamton Mets : RHP Wei-hong Qi
Pitching: RHP Wei-hong Qi
Batting: RHB Jose Cerritos 0-0: Ball
1-0: DOUBLE (Line Drive, 9LM, EV 99.4 MPH)
Batting: RHB Xiao-shuang Au 0-0: Called Strike
0-1: Called Strike
0-2: Fly out, F7 (Line Drive, 7LS, EV 92.5 MPH)
Batting: LHB Fumito Sakurai 0-0: Called Strike
Jose Cerritos steals 3rd base
0-1: Swinging Strike
0-2: Strikes out swinging
Batting: RHB Ryan Miller 0-0: Ball
Wild Pitch!
Jose Cerritos scores
1-0: Called Strike
1-1: Called Strike
1-2: Ball
2-2: DOUBLE (Flyball, 89XD, EV 91.9 MPH)
Batting: RHB Dan Allred 0-0: Ball
1-0: Ball
2-0: Foul Ball, location: 2F
2-1: Fly out, F9 (Flyball, 89M, EV 86.2 MPH)
Bottom of the 1st over - 1 run, 2 hits, 0 errors, 1 left on base; Binghamton 0 - Wisconsin 1
TOP OF THE 2ND
Binghamton Mets batting - Pitching for Wisconsin Timber Rattlers : RHP Josh Brakefield
Batting: RHB Jake Geib 0-0: Foul Ball, location: 2F
0-1: Ground out 6-3 (Groundball, 56, EV 100.0 MPH)
Batting: SHB Keith Casner 0-0: Ball
1-0: Foul Ball, location: 2F
1-1: Called Strike
1-2: SINGLE (Groundball, 34, EV 103.8 MPH)
Batting: RHB Sam Callahan 0-0: SINGLE (Groundball, 34D, EV 105.0 MPH)
Keith Casner to second
Batting: RHB Gang-sheng Chew 0-0: Foul Ball, location: 2F
0-1: Ball
1-1: Ball
2-1: SINGLE (Line Drive, 8LS, EV 107.5 MPH)
Keith Casner to third
Sam Callahan to second
Batting: RHB Roberto Delgado 0-0: Called Strike
0-1: Grounds into fielders choice U2 (Groundball, 2L, EV 73.1 MPH)
Sam Callahan to third
Gang-sheng Chew to second
Batting: RHB Michael Youngberry 0-0: Called Strike
0-1: Foul Ball, location: 2F
0-2: Ball
1-2: Strikes out swinging
Top of the 2nd over - 0 runs, 3 hits, 0 errors, 3 left on base; Binghamton 0 - Wisconsin 1
BOTTOM OF THE 2ND
Wisconsin Timber Rattlers batting - Pitching for Binghamton Mets : RHP Wei-hong Qi
Batting: RHB Tony Beaumond 0-0: Called Strike
0-1: Swinging Strike
0-2: Ball
1-2: Fly out, F9 (Flyball, 9LS, EV 95.0 MPH)
Batting: SHB Robert Sayer 0-0: Called Strike
0-1: Swinging Strike
0-2: Strikes out looking
Batting: RHB Juan Villanueva 0-0: Ball
1-0: Ball
2-0: Called Strike
2-1: Ball
3-1: Called Strike
3-2: Base on Balls
Batting: RHB Chris Fruit 0-0: Ball
1-0: Ball
2-0: Foul Ball, location: 2F
2-1: Called Strike
2-2: DOUBLE (Line Drive, 9LS, EV 98.8 MPH)
Juan Villanueva to third
Batting: RHB Jose Cerritos 0-0: Called Strike
0-1: Foul Ball, location: 2F
0-2: Ball
1-2: Ball
2-2: Fly out, F7 (Flyball, 78S, EV 86.2 MPH)
Bottom of the 2nd over - 0 runs, 1 hit, 0 errors, 2 left on base; Binghamton 0 - Wisconsin 1
TOP OF THE 3RD
Binghamton Mets batting - Pitching for Wisconsin Timber Rattlers : RHP Josh Brakefield
Batting: SHB Tyler Maddux 0-0: Called Strike
0-1: Ground out U3 (Groundball, 3, EV 88.8 MPH)
Batting: RHB Enrique Aguirre 0-0: Ball
1-0: Ball
2-0: Called Strike
2-1: Foul Ball, location: 2F
2-2: Strikes out swinging
Batting: SHB Nick Daigle 0-0: Called Strike
0-1: Ball
1-1: Ball
2-1: Foul Ball, location: 2F
2-2: SINGLE (Groundball, 56D, EV 100.6 MPH)
Batting: RHB Jake Geib 0-0: Ball
1-0: Ball
2-0: Ground out 6-3 (Groundball, 6S, EV 79.4 MPH)
Top of the 3rd over - 0 runs, 1 hit, 0 errors, 1 left on base; Binghamton 0 - Wisconsin 1
BOTTOM OF THE 3RD
Wisconsin Timber Rattlers batting - Pitching for Binghamton Mets : RHP Wei-hong Qi
Batting: RHB Xiao-shuang Au 0-0: Called Strike
0-1: Ball
1-1: Called Strike
1-2: Fly out, F9 (Flyball, 89S, EV 75.6 MPH)
Batting: LHB Fumito Sakurai 0-0: Called Strike
0-1: Fly out, F6 (Popup, 6M, EV 74.4 MPH)
Batting: RHB Ryan Miller 0-0: Ball
1-0: Called Strike
1-1: Ball
2-1: Ground out 6-3 (Groundball, 6, EV 104.4 MPH)
Bottom of the 3rd over - 0 runs, 0 hits, 0 errors, 0 left on base; Binghamton 0 - Wisconsin 1
TOP OF THE 4TH
Binghamton Mets batting - Pitching for Wisconsin Timber Rattlers : RHP Josh Brakefield
Batting: SHB Keith Casner 0-0: Foul Ball, location: 2F
0-1: SINGLE (Groundball, 4MD, EV 105.6 MPH)
Batting: RHB Sam Callahan 0-0: Foul Ball, location: 2F
0-1: Foul Ball, location: 2F
0-2: Ball
1-2: Ball
2-2: Foul Ball, location: 2F
2-2: Strikes out swinging
Batting: RHB Gang-sheng Chew 0-0: Called Strike
0-1: 2-RUN HOME RUN (Flyball, 7D, EV 107.5 MPH), Distance : 400 ft
Batting: RHB Roberto Delgado 0-0: Ball
1-0: Ball
2-0: Ball
3-0: Called Strike
3-1: Foul Ball, location: 2F
3-2: Foul Ball, location: 2F
3-2: Foul Ball, location: 2F
3-2: Ground out 5-3 (Groundball, 56, EV 105.0 MPH)
Batting: RHB Michael Youngberry 0-0: Ball
1-0: Called Strike
1-1: SINGLE (Groundball, 6MD, EV 98.1 MPH)
Batting: SHB Tyler Maddux 0-0: Swinging Strike
0-1: SINGLE (Groundball, 4D, EV 100.0 MPH)
Michael Youngberry to second
Runner from 2nd tries for 3rd, SAFE, throw by CF made to third
Batting: RHB Enrique Aguirre 0-0: Called Strike
0-1: SINGLE (Line Drive, 8LS, EV 106.9 MPH)
Michael Youngberry scores
Tyler Maddux to second
Batting: SHB Nick Daigle 0-0: Ball
1-0: Ball
2-0: Ball
3-0: Base on Balls
Tyler Maddux to third
Enrique Aguirre to second
Batting: RHB Jake Geib 0-0: Fielders Choice at 2nd, 6-4 (Groundball, 6, EV 108.8 MPH)
Top of the 4th over - 3 runs, 5 hits, 0 errors, 3 left on base; Binghamton 3 - Wisconsin 1
BOTTOM OF THE 4TH
Wisconsin Timber Rattlers batting - Pitching for Binghamton Mets : RHP Wei-hong Qi
Batting: RHB Dan Allred 0-0: Reached on error, E6 (Groundball, 6, EV 83.1 MPH)
Batting: RHB Tony Beaumond 0-0: Ball
Dan Allred steals 2nd base
1-0: Ball
2-0: Called Strike
2-1: Foul Ball, location: 2F
2-2: Foul Ball, location: 2F
2-2: Ball
3-2: Base on Balls
Batting: SHB Robert Sayer 0-0: Foul Ball, location: 2F
0-1: Foul Ball, location: 2F
0-2: SINGLE (Line Drive, 7S, EV 88.8 MPH)
Dan Allred to third
Tony Beaumond to second
Batting: RHB Juan Villanueva 0-0: Swinging Strike
0-1: Swinging Strike
0-2: Foul Ball, location: 2F
0-2: Strikes out swinging
Batting: RHB Chris Fruit 0-0: Ball
1-0: SINGLE (Line Drive, 6MD, EV 99.4 MPH)
Dan Allred scores
Tony Beaumond to third
Robert Sayer to second
Batting: RHB Jose Cerritos 0-0: Foul Ball, location: 2F
0-1: Foul Ball, location: 2F
0-2: Fielders Choice at 2nd, 6-4 (Groundball, 6S, EV 80.6 MPH)
Tony Beaumond scores
Robert Sayer to third
Batting: RHB Xiao-shuang Au 0-0: Ball
Jose Cerritos steals 2nd base
1-0: Foul Ball, location: 2F
1-1: Ground out 1-3 (Groundball, 15S, EV 65.0 MPH)
Bottom of the 4th over - 2 runs, 2 hits, 1 error, 2 left on base; Binghamton 3 - Wisconsin 3
TOP OF THE 5TH
Binghamton Mets batting - Pitching for Wisconsin Timber Rattlers : RHP Josh Brakefield
Batting: SHB Keith Casner 0-0: Called Strike
0-1: Ball
1-1: Foul Ball, location: 2F
1-2: Strikes out looking
Batting: RHB Sam Callahan 0-0: Ball
1-0: Ground out 3-1 (Groundball, 34, EV 90.6 MPH)
Batting: RHB Gang-sheng Chew 0-0: Fly out, F8 (Flyball, 8RXD, EV 97.5 MPH)
Top of the 5th over - 0 runs, 0 hits, 0 errors, 0 left on base; Binghamton 3 - Wisconsin 3
BOTTOM OF THE 5TH
Wisconsin Timber Rattlers batting - Pitching for Binghamton Mets : RHP Wei-hong Qi
Batting: LHB Fumito Sakurai 0-0: Ball
1-0: Called Strike
1-1: Ball
2-1: Foul Ball, location: 2F
2-2: Fly out, F5 (Popup, 5S, EV 76.2 MPH)
Batting: RHB Ryan Miller 0-0: Called Strike
0-1: Ball
1-1: SINGLE (Groundball, 23, EV 73.1 MPH) (infield hit)
Batting: RHB Dan Allred 0-0: Ball
1-0: SINGLE (Groundball, 6MD, EV 100.0 MPH)
Ryan Miller to second
Runner from 2nd tries for 3rd, SAFE, throw by CF made to third
Batting: RHB Tony Beaumond 0-0: Foul Ball, location: 2F
0-1: Foul Ball, location: 2F
0-2: Ball
1-2: Ball
2-2: Ball
3-2: Foul Ball, location: 2F
3-2: Fielders Choice at 2nd, 4-6 (Groundball, 4, EV 83.8 MPH)
Ryan Miller scores
Batting: SHB Robert Sayer 0-0: Ball
1-0: SINGLE (Groundball, 4D, EV 98.1 MPH)
Tony Beaumond to second
Runner from 2nd tries for 3rd, SAFE, throw by CF made to third
Batting: RHB Juan Villanueva 0-0: Fielders Choice at 2nd, 5-4 (Groundball, 56, EV 85.0 MPH)
Bottom of the 5th over - 1 run, 3 hits, 0 errors, 2 left on base; Binghamton 3 - Wisconsin 4
TOP OF THE 6TH
Binghamton Mets batting - Pitching for Wisconsin Timber Rattlers : RHP Josh Brakefield
Batting: RHB Roberto Delgado 0-0: Ball
1-0: Ground out 5-3 (Groundball, 5S, EV 72.5 MPH)
Batting: RHB Michael Youngberry 0-0: DOUBLE (Line Drive, 3D, EV 103.1 MPH)
Batting: SHB Tyler Maddux 0-0: Swinging Strike
0-1: Swinging Strike
0-2: Strikes out swinging
Batting: RHB Enrique Aguirre 0-0: Ground out 5-3 (Groundball, 56, EV 86.2 MPH)
Top of the 6th over - 0 runs, 1 hit, 0 errors, 1 left on base; Binghamton 3 - Wisconsin 4
BOTTOM OF THE 6TH
Wisconsin Timber Rattlers batting - Pitching for Binghamton Mets : RHP Wei-hong Qi
Batting: RHB Chris Fruit 0-0: Fly out, F8 (Flyball, 8LD, EV 95.6 MPH)
Batting: RHB Jose Cerritos 0-0: Ball
1-0: Ball
2-0: Foul Ball, location: 2F
2-1: Ball
3-1: Hit by Pitch
Batting: RHB Xiao-shuang Au 0-0: Foul Ball, location: 2F
0-1: Ball
1-1: Foul Ball, location: 2F
1-2: Ball
2-2: Ball
3-2: Fly out, F9 (Flyball, 89XD, EV 108.1 MPH)
Batting: LHB Fumito Sakurai 0-0: Called Strike
0-1: Ball
1-1: Ball
2-1: Ground out 4-3 (Groundball, 4M, EV 100.0 MPH)
Bottom of the 6th over - 0 runs, 0 hits, 0 errors, 1 left on base; Binghamton 3 - Wisconsin 4
TOP OF THE 7TH
Binghamton Mets batting - Pitching for Wisconsin Timber Rattlers : RHP Josh Brakefield
Batting: SHB Nick Daigle 0-0: Ball
1-0: Foul Ball, location: 2F
1-1: Fly out, F7 (Flyball, 78M, EV 83.1 MPH)
Pitching: RHP Pat Spry
Batting: RHB Jake Geib 0-0: Called Strike
0-1: Ball
1-1: Ball
2-1: Ball
3-1: Called Strike
3-2: Base on Balls
Batting: SHB Keith Casner 0-0: Called Strike
Jake Geib steals 2nd base
0-1: Swinging Strike
0-2: Foul Ball, location: 2F
0-2: Ball
1-2: Foul Ball, location: 2F
1-2: Foul Ball, location: 2F
1-2: Ball
2-2: Foul Ball, location: 2F
2-2: SINGLE (Groundball, 34D, EV 101.2 MPH)
Jake Geib to third
Runner from 3rd tries for Home, throw by RF and OUT! 9-2
Keith Casner to second
Batting: RHB Sam Callahan 0-0: Called Strike
0-1: Ball
1-1: Swinging Strike
1-2: Ball
2-2: Foul Ball, location: 2F
2-2: Strikes out swinging
Top of the 7th over - 0 runs, 1 hit, 0 errors, 1 left on base; Binghamton 3 - Wisconsin 4
BOTTOM OF THE 7TH
Wisconsin Timber Rattlers batting - Pitching for Binghamton Mets : RHP Wei-hong Qi
Pitching: RHP Leo Burgos
Batting: RHB Ryan Miller 0-0: Ball
1-0: Ball
2-0: Swinging Strike
2-1: Ball
3-1: Foul Ball, location: 2F
3-2: Fly out, F9 (Flyball, 9, EV 86.9 MPH)
Batting: RHB Dan Allred 0-0: Ball
1-0: Called Strike
1-1: Swinging Strike
1-2: Foul Ball, location: 2F
1-2: Foul Ball, location: 2F
1-2: Strikes out swinging
Batting: RHB Tony Beaumond 0-0: Ball
1-0: Called Strike
1-1: Ball
2-1: Swinging Strike
2-2: Ground out 6-3 (Groundball, 6M, EV 86.9 MPH)
Bottom of the 7th over - 0 runs, 0 hits, 0 errors, 0 left on base; Binghamton 3 - Wisconsin 4
TOP OF THE 8TH
Binghamton Mets batting - Pitching for Wisconsin Timber Rattlers : RHP Pat Spry
Pitching: RHP Cesar Pulido
Batting: RHB Gang-sheng Chew 0-0: Ball
1-0: Ball
2-0: Called Strike
2-1: Swinging Strike
2-2: Strikes out looking
Batting: RHB Roberto Delgado 0-0: Swinging Strike
0-1: Swinging Strike
0-2: Ball
1-2: Ground out 4-3 (Groundball, 34, EV 91.9 MPH)
Batting: RHB Michael Youngberry 0-0: Called Strike
0-1: Ball
1-1: Called Strike
1-2: Ball
2-2: Foul Ball, location: 2F
2-2: Strikes out looking
Top of the 8th over - 0 runs, 0 hits, 0 errors, 0 left on base; Binghamton 3 - Wisconsin 4
BOTTOM OF THE 8TH
Wisconsin Timber Rattlers batting - Pitching for Binghamton Mets : RHP Leo Burgos
Batting: SHB Robert Sayer 0-0: Ground out 5-3 (Groundball, 56S, EV 85.0 MPH)
Batting: RHB Juan Villanueva 0-0: Called Strike
0-1: Ground out 6-3 (Groundball, 6, EV 86.2 MPH)
Batting: RHB Chris Fruit 0-0: Ball
1-0: Ball
2-0: Called Strike
2-1: Swinging Strike
2-2: Foul Ball, location: 2F
2-2: Fly out, F7 (Flyball, 7D, EV 98.1 MPH)
Bottom of the 8th over - 0 runs, 0 hits, 0 errors, 0 left on base; Binghamton 3 - Wisconsin 4
TOP OF THE 9TH
Binghamton Mets batting - Pitching for Wisconsin Timber Rattlers : RHP Cesar Pulido
Now at 3B: Xiao-shuang Au
Now in LF: John Fortin
Batting: SHB Tyler Maddux 0-0: Called Strike
0-1: Foul Ball, location: 2F
0-2: Strikes out swinging
Batting: RHB Enrique Aguirre 0-0: Called Strike
0-1: Foul Ball, location: 2F
0-2: Ball
1-2: Strikes out swinging
Batting: SHB Nick Daigle 0-0: Called Strike
0-1: Ball
1-1: Ball
2-1: Swinging Strike
2-2: Ground out 4-3 (Groundball, 4, EV 83.1 MPH)
Top of the 9th over - 0 runs, 0 hits, 0 errors, 0 left on base; Binghamton 3 - Wisconsin 4
Sunday, July 16th , 2023 - OOTP Baseball 24.6 Build 69